 Dungeon Crawl Stone Soup version 0.30-a0-1008-g30c9307041 (webtiles) character file.

Game seed: 14935355457799135835

80 retardedninja the Trooper (level 4, -3/42 HPs)
             Began as a Naga Fighter on Apr 5, 2023.
             Killed by divine providence
             ... invoked by an orc priest
              (10 damage)
             ... on level 3 of the Dungeon.
             The game lasted 00:02:06 (1395 turns).

retardedninja the Trooper (Naga Fighter)            Turns: 1395, Time: 00:02:06

Health: -3/42      AC:  8    Str: 21    XL:     4   Next: 39%
Magic:  4/4        EV:  3    Int:  8    God:
Gold:   56         SH:  4    Dex: 10    Spells: 3/3 levels left

rFire   . . .      SeeInvis +    a - +0 war axe
rCold   . . .      Faith    .    c - +0 buckler
rNeg    . . .      Spirit   .    m - +0 plate armour
rPois   +          Reflect  .    n - +0 helmet
rElec   .          Rampage  .    (no cloak)
rCorr   .                        (no gloves)
Will    .....                    (no barding) Stlth
                                 (no amulet)
HPRegen 0.27/turn                (no ring)
MPRegen 0.09/turn                (no ring)

@: mighty, very slow
A: AC +1, large, see invisible, deformed body, poison resistance, slowness 2,
spit poison 1, naga tail 1
a: Spit Poison


You were on level 3 of the Dungeon.
You visited 1 branch of the dungeon, and saw 3 of its levels.

You collected 56 gold pieces.

Inventory:

Hand Weapons
 a - a +0 war axe (weapon)
Missiles
 j - 2 javelins
Armour
 c - a +0 buckler (worn)
 m - a +0 plate armour (worn)
 n - a +0 helmet (worn)
 q - a scarf of harm
Jewellery
 e - a ring of ice
Scrolls
 b - 3 scrolls of noise {unknown}
 g - 3 scrolls of summoning {unknown}
 i - 2 scrolls of identify {unknown}
 o - a scroll of fear {unknown}
 p - a scroll of fog {unknown}
Potions
 f - a potion of heal wounds {unknown}
 h - 3 potions of curing
 k - a potion of degeneration {unknown}
 l - 2 potions of brilliance {unknown}
 r - a potion of attraction {unknown}


   Skills:
 + Level 3.4 Fighting
 * Level 3.1 Axes
 + Level 2.8 Armour
 + Level 3.2 Shields


You had 3 spell levels left.
You didn't know any spells.
Your spell library contained the following spells:

 Spells                   Type           Power      Damage    Failure   Level
 Slow                     Hex            0%         N/A       100%        1
 Confusing Touch          Hex            0%         N/A       100%        3
 Vampiric Draining        Necr           0%         2d6       100%        3


Dungeon Overview and Level Annotations

Branches:
Dungeon (3/15)

Altars:


Innate Abilities, Weirdness & Mutations

Your serpentine skin is tough. (AC +1)
You have supernaturally acute eyesight. (SInv)
Armour fits poorly on your strangely shaped body.
Your system is resistant to poisons. (rPois)
You cover ground very slowly.
You can spit poison.
You have a snake-like lower body.


Message History

The orc priest hits you but does no damage.
You closely miss the orc priest. You slash the orc!
You kill the orc!
The orc shoots a sling bullet.
The sling bullet hits you but does no damage.
The orc priest completely misses you.
The orc shoots a sling bullet.
The sling bullet hits you. You block the orc priest's attack.
You hit the orc priest.
The orc priest is moderately wounded.
The orc shoots a sling bullet.
The sling bullet hits you.
The orc priest looks braver for a moment.
You hit the orc priest.
The orc priest is heavily wounded.
The orc shoots a sling bullet.
The sling bullet hits you but does no damage.
The orc priest barely misses you.
The orc shoots a sling bullet.
The sling bullet hits you.
The orc priest hits you but does no damage.
You slash the orc priest!
The orc priest is almost dead.
The orc shoots a sling bullet.
The sling bullet hits you.
The orc priest hits you but does no damage.
You closely miss the orc priest.
The orc priest is almost dead.
The orc shoots a sling bullet.
The sling bullet hits you.
The orc priest hits you but does no damage.
You barely miss the orc priest.
The orc priest is almost dead.
The orc shoots a sling bullet.
The sling bullet hits you.
The orc priest hits you with a +0 short sword.
The orc shoots a sling bullet.
The sling bullet hits you but does no damage.
The orc priest calls down the wrath of Beogh upon you.
Beogh smites you!
* * * LOW HITPOINT WARNING * * *
It was a potion of curing.
You feel better.
The orc shoots a sling bullet.
The sling bullet hits you but does no damage.
The orc priest mumbles some strange prayers to Beogh against you.
Beogh smites you!
You die...

#### #... ...# #..# #..
##..##..# #.. # #..#..#
##..##
####...####....####
##..........##....#
...#....####......#
.###.#............#
.....#..........@o#
.....#.##########)......
.....### ....... .....#
o.).... .....# .......
...(.# ....... ##..##
....... ..## ....... .##


You could see an orc priest and an orc.

Vanquished Creatures
  2 adders (D:2)
  3 worms (D:2)
  A dart slug (D:2)
  3 orcs (D:3)
  5 ball pythons (D:1)
  4 endoplasms
  A giant cockroach (D:1)
  8 goblins
  3 hobgoblins
  2 jackals (D:2)
  3 quokkas
  A bat (D:1)
  2 frilled lizards (D:1)
  3 kobolds
  4 rats
45 creatures vanquished.

Notes
Turn   | Place    | Note
-------+----------+-------------------------------------------
     0 | D:1      | retardedninja the Naga Fighter began the quest for the Orb.
     0 | D:1      | Reached XP level 1. HP: 21/21 MP: 1/1
    34 | D:1      | Reached XP level 2. HP: 20/28 MP: 2/2
   184 | D:1      | Found a faded altar of an unknown god.
   384 | D:1      | Reached XP level 3. HP: 30/34 MP: 3/3
   988 | D:2      | Reached XP level 4. HP: 39/42 MP: 4/4
  1394 | D:3      | HP: 2/42 [orc priest/divine providence (13)]
  1395 | D:3      | Killed from afar by an orc priest

Illustrated notes

Levels and vault maps discovered:
D:1:      dpeg_arrival_court, layout_rooms, basic_ecumenical_altar,
          dreamdust_princess_corridor
D:2:      layout_loops_ring
D:3:      layout_rooms, lemuel_tele_altar, mainiacjoe_overflow_divided_tiny,
          minmay_distorted

Skill      XL: |  1  2  3 |
---------------+----------+-----
Shields        | 3 |  3.2
Axes           | 3 |  3.1
Fighting       | |  3.4
Armour         | |  2.8

Action                     |  1- 3 |  4- 6 || total
---------------------------+-------+-------++-------
  Melee: War axe           |    78 |    30 ||   108
Ability: Spit Poison       |     8 |     2 ||    10
    Use: Potion            |       |     2 ||     2
 Armour: Scale mail        |    19 |       ||    19
         Plate armour      |    25 |    20 ||    45
  Dodge: Dodged            |    26 |     3 ||    29
  Block: Buckler           |    24 |     5 ||    29

Table legend: (Time is in decaauts)
 A = Elapsed time spent in this place.
 B = Non-inter-level travel time spent in this place.
 C = Inter-level travel time spent in this place.
 D = Time resting spent in this place.
 E = Time spent auto-exploring this place.
 F = Levels seen in this place.
 G = Mean time per level.
                   A        B        C        D        E       F      G
               +--------+--------+--------+--------+--------+-----+--------+
         Total |   1834 |   1790 |     44 |     70 |   1333 |   3 |  611.3 |
       Dungeon |   1834 |   1790 |     44 |     70 |   1333 |   3 |  611.3 |
               +--------+--------+--------+--------+--------+-----+--------+

Top non-repeatable levels by time:
     D:2: 949 daAuts
     D:1: 800 daAuts
     D:3: 84 daAuts
